 Dungeon Crawl Stone Soup version 0.22.0-49-gab54619 (webtiles) character file.

273 Fang the Chopper (level 6, -1/39 HPs)
             Began as a Gargoyle Berserker on Sept 5, 2018.
             Was a Believer of Trog.
             Slain by a leopard gecko (2 damage)
             ... on level 3 of the Dungeon.
             The game lasted 00:07:52 (3270 turns).

Fang the Chopper (Gargoyle Berserker)               Turns: 3270, Time: 00:07:52

Health: -1/39      AC:  7    Str: 23    XL:     6   Next: 24%
Magic:  6/6        EV: 12    Int:  7    God:    Trog [**....]
Gold:   90         SH:  0    Dex:  9    Spells: 5/5 levels left

rFire    + . .     SeeInvis .   a - +1 hand axe
rCold    . . .     Gourm    .   (no shield)
rNeg     + . .     Faith    .   b - +1 animal skin
rPois    ∞         Spirit   .   (no helmet)
rElec    +         Reflect  .   (no cloak)
rCorr    .         Harm     .   (no gloves)
MR       .....                  (no boots)
Stlth    +.........             (no amulet)
HPRegen  0.13/turn              (no ring)
MPRegen  0.10/turn              p - ring of protection from fire

@: berserk cooldown, slowed, invisible, very slow
A: negative energy resistance 1, electricity resistance, unbreathing,
petrification resistance, rot immunity, AC +4
a: Berserk, Trog's Hand, Renounce Religion


You were on level 3 of the Dungeon.
You worshipped Trog.
Trog was pleased with you.
You were hungry.

You visited 1 branch of the dungeon, and saw 3 of its levels.

You collected 90 gold pieces.

Inventory:

Hand Weapons
 a - a +1 hand axe (weapon)
Armour
 b - a +1 animal skin (worn)
Jewellery
 p - a ring of protection from fire (right hand)
Scrolls
 d - 2 scrolls of teleportation
Potions
 e - a potion of mutation
 f - 2 potions of berserk rage
 h - a potion of magic
 k - a potion of ambrosia
Comestibles
 c - 3 rations


   Skills:
 + Level 4.3 Fighting
 + Level 4.6 Axes
 + Level 2.4 Armour
 + Level 2.9 Dodging
 + Level 1.4 Stealth


You had 5 spell levels left.
You didn't know any spells.
Your spell library was empty.

Dungeon Overview and Level Annotations

Branches:
Dungeon (3/15)

Altars:
Fedhas
Makhleb
Ru
Wu Jian


Innate Abilities, Weirdness & Mutations

You are resistant to torment.
Your stone body is resilient. (AC +4)
You are immune to poison.
You resist negative energy. (rN+)
You are resistant to electric shocks. (rElec)
You can survive without breathing.
You are immune to petrification.
You are immune to rotting.


Message History

You hit something but do no damage. You closely miss the leopard gecko.
The leopard gecko closely misses you.
The orc priest invokes the aid of Beogh against you.
Beogh smites you!
* * * LOW HITPOINT WARNING * * *
The leopard gecko bites you but does no damage.
Something hits you but does no damage. The orc priest closely misses you.
You hit the orc priest.
The orc priest is heavily wounded.
You closely miss something. You barely miss the leopard gecko.
The leopard gecko bites you.
* * * LOW HITPOINT WARNING * * *
Something hits you but does no damage.
The orc priest hits you with a falchion.
* * * LOW HITPOINT WARNING * * *
The leopard gecko bites you but does no damage.
Something hits you but does no damage.
You fade into invisibility!
The leopard gecko bites you.
You die...

.....=.....P.P..#........#
.#####..........§§§......#
.# #........###.§.§....#
## #..######.....>.>...#
#.## ##.....§.##### #
####.######..####### #
#...........## #
#.#.#####...######
###.#.#.....##.o@..##
....#..........{l...#
)..............).....#
.###...............=.#
.#...................#
...#.>...............#
..##..................)
..##...................
.###.#................


You could see an orc priest and a leopard gecko.

Vanquished Creatures
  Sigmund (D:3)
  5 adders
  4 worms (D:3)
  2 leopard geckos
  3 orcs (D:3)
  2 giant cockroaches
  4 goblins
  9 hobgoblins
  4 jackals (D:2)
  3 quokkas
  5 bats (D:1)
  10 frilled lizards
  4 kobolds
  8 rats
64 creatures vanquished.

Notes
Turn   | Place    | Note
-------+----------+-------------------------------------------
     0 | D:1      | Fang the Gargoyle Berserker began the quest for the Orb.
     0 | D:1      | Reached XP level 1. HP: 14/14 MP: 1/1
   296 | D:1      | Reached XP level 2. HP: 19/19 MP: 2/2
  1067 | D:1      | Found a sacrificial altar of Ru.
  1088 | D:2      | Found an ornate altar of the Wu Jian Council.
  1092 | D:2      | Reached XP level 3. HP: 24/24 MP: 3/3
  1134 | D:2      | Found a burning altar of Makhleb.
  1252 | D:2      | HP: 1/24 [jackal (2)]
  1445 | D:2      | Reached ** piety under Trog
  1848 | D:2      | Reached XP level 4. HP: 29/29 MP: 4/4
  2653 | D:3      | Noticed Sigmund
  2669 | D:3      | Killed Sigmund
  2669 | D:3      | Reached skill level 1 in Stealth
  2669 | D:3      | Reached XP level 5. HP: 8/34 MP: 5/5
  2669 | D:3      | Reached XP level 6. HP: 9/39 MP: 6/6
  3143 | D:3      | Found a blossoming altar of Fedhas.
  3269 | D:3      | HP: 1/39 [orc priest/falchion (2)]
  3270 | D:3      | Slain by a leopard gecko

Skill      XL: |  1  2  3  4 |
---------------+-------------+-----
Axes           | 3 4 |  4.6
Dodging        | 2 |  2.9
Fighting       | 4 |  4.3
Stealth        | 1 |  1.4
Armour         | |  2.4

Action                   |  1- 3 |  4- 6 || total
-------------------------+-------+-------++-------
Melee: Hand axe          |   131 |    98 ||   229
Invok: Berserk           |     1 |     3 ||     4
  Use: Scroll            |     4 |    10 ||    14
       Potion            |     1 |     1 ||     2
  Eat: Chunk             |     4 |     3 ||     7
       Ration            |       |     1 ||     1
Armor: Animal skin       |    42 |    44 ||    86
Dodge: Dodged            |   108 |    53 ||   161
